 Dungeon Crawl Stone Soup version 0.20-a0-267-g4a7ec2a (webtiles) character file.

148595 PurpleRed the Black Belt (level 17, -8/117 HPs)
             Began as an Octopode Monk on Dec 7, 2016.
             Was the Champion of Cheibriados.
             Shot with an arrow by a naga sharpshooter (10 damage)
             ... led by Vashnia
             ... on level 2 of the Snake Pit.
             The game lasted 02:01:56 (32616 turns).

PurpleRed the Black Belt (Octopode Monk)           Turns: 32616, Time: 02:01:56

Health: -8/117     AC: 11    Str: 36    XL:     17   Next: 49%
Magic:  0/43       EV: 29    Int: 32    God:    Cheibriados [******]
Gold:   1526       SH:  0    Dex: 42    Spells: 5/26 levels left

rFire  + . .     SeeInvis +       - Unarmed
rCold  x . .     Gourm    .     (shield currently unavailable)
rNeg   + . .     Faith    .     A - +3 hat of Pondering {ponderous, MR+ MP+10 Int+5}
rPois  +         Spirit   +     O - amulet "Afeogam" {Spirit Str+3}
rElec  +         Reflect  .     P - ring of resist corrosion
rCorr  +         Harm     .     y - ring of see invisible
MR     ++...                    s - ring of Dobbe {rN+ Dex+5}
Stlth  ++++++....               X - ring of magical power
                                g - ring of fire
                                Y - ring of poison resistance
                                M - ring of Rett {rElec Dex+4 Stlth+}
                                D - +4 ring of strength

@: lethally poisoned (-8 -> -9), icy armour, blade tentacles, studying
Necromancy, very slow
A: almost no armour, stealthy swim, amphibious, 8 rings, constrict 8, camouflage
1, gelatinous body 1
a: End Transformation, Bend Time, Temporal Distortion, Slouch, Step From Time,
Renounce Religion


You were on level 2 of the Snake Pit.
You worshipped Cheibriados.
Cheibriados was exalted by your worship.
You were not hungry.
You had blades for tentacles.
You visited 5 branches of the dungeon, and saw 26 of its levels.
You also visited: Ice Cave.

You collected 3106 gold pieces.
You spent 1580 gold pieces at shops.

Inventory:

Missiles
 V - 2 throwing nets (quivered)
Armour
 A - the +3 hat of Pondering (worn) {ponderous, MR+ MP+10 Int+5}
   (You bought it in a shop on level 13 of the Dungeon)

   It affects your intelligence (+5).
   It affects your resistance to hostile enchantments.
   It affects your magic capacity (+10).
 W - a +0 buckler (melded)
Jewellery
 g - a ring of fire (on tentacle)
 j - an uncursed amulet of regeneration
 r - an uncursed ring of flight
 s - the ring of Dobbe (on tentacle) {rN+ Dex+5}
   (You took it off a centaur warrior on level 13 of the Dungeon)

   [ring of positive energy]

   It affects your dexterity (+5).
   It protects you from negative energy.
 y - a ring of see invisible (right scythe-like blade)
 D - a +4 ring of strength (on tentacle)
 M - the ring of Rett (on tentacle) {rElec Dex+4 Stlth+}
   (You acquired it on level 2 of the Orcish Mines)

   [ring of stealth]

   It affects your dexterity (+4).
   It insulates you from electricity.
   It makes you more stealthy.
 O - the amulet "Afeogam" (around mantle) {Spirit Str+3}
   (You found it in an ice cave)

   [amulet of guardian spirit]

   It causes incoming damage to be split between your health and magic.
   It affects your strength (+3).
 P - a ring of resist corrosion (left scythe-like blade)
 X - a ring of magical power (on tentacle)
 Y - a ring of poison resistance (on tentacle)
Wands
 a - a wand of iceblast (8/15)
 e - a wand of heal wounds (3/9)
 l - a wand of acid (2/15)
 u - a wand of confusion (15/48)
 v - a wand of paralysis (10/24)
 H - a wand of digging (0/24)
 Z - a wand of acid (9/15)
Scrolls
 b - 10 scrolls of remove curse
 h - 5 scrolls of amnesia
 q - a scroll of summoning
 z - a scroll of recharging
 E - a scroll of immolation
 I - 3 scrolls of blinking
 J - 3 scrolls of fear
 L - 5 scrolls of teleportation
 S - a scroll of magic mapping
Potions
 c - 2 potions of might
 i - 3 potions of curing
 m - 4 potions of heal wounds
 n - 2 potions of invisibility
 o - 3 potions of ambrosia
 t - a potion of cure mutation {unknown}
 x - 3 potions of agility
 C - a potion of lignification
 G - 2 potions of resistance
 N - 4 potions of brilliance
 Q - 4 potions of flight
Books
 B - a manual of Necromancy
 U - a book of Transfigurations

   Spells                             Type                      Level
   a - Irradiate                      Conjuration/Transmutation    5
   b - Statue Form                    Transmutation/Earth          6
   c - Hydra Form                     Transmutation                6
   d - Dragon Form                    Transmutation                7
Comestibles
 d - 19 royal jellies
 f - 8 bread rations
 k - 9 meat rations
 p - 20 fruits


   Skills:
 + Level 10.8 Fighting
 - Level 11.3 Dodging
 - Level 2.6 Stealth
 - Level 4.0 Shields
 + Level 20.7 Unarmed Combat
 - Level 5.1 Spellcasting
 - Level 4.2 Charms
 - Level 2.4 Necromancy
 + Level 11.8 Transmutations
 - Level 2.1 Ice Magic
 - Level 5.0 Earth Magic
 - Level 4.8 Invocations


You had 5 spell levels left.
You knew the following spells:

 Your Spells              Type           Power        Failure   Level  Hunger
a - Ozocubu's Armour      Chrm/Ice       ####....     36%         3    None
b - Ice Form              Ice/Tmut       ######..     28%         4    ###....
c - Statue Form           Tmut/Erth      ######...    71%         6    ######.
d - Blade Hands           Tmut           ######....   17%         5    #####..
r - Regeneration          Chrm/Necr      ####......   32%         3    None


Dungeon Overview and Level Annotations

Branches:
Dungeon (15/15)            Temple (1/1) D:6            Lair (6/6) D:8
  Swamp (0/4) Lair:4        Snake (2/4) Lair:2        Slime (0/5) Lair:6
    Orc (2/2) D:10            Elf (0/3) Orc:2        Vaults (0/5) D:13
 Depths (0/5) D:15

Altars:
Ashenzari
Cheibriados
Dithmenos
Elyvilon
Fedhas
Gozag
Hepliaklqana
Kikubaaqudgha
Makhleb
Nemelex Xobeh
Okawaru
Qazlal
Ru
Sif Muna
Trog
Uskayaw
Vehumet
Xom
Yredelemnul
Zin
The Shining One

Shops:
D:13 [   Orc:2 (}%?

Portals:
Pandemonium: Orc:2
Trove: D:13 (show slimy rune of Zot)

Annotations:
D:10 DoctorBileduct's ghost, novice FoFi
Snake:2 Vashnia


Innate Abilities, Weirdness & Mutations

You cannot wear most types of armour.
You are very stealthy in the water. (Stealth+)
You are amphibious.
You can wear up to eight rings at the same time.
You can use your tentacles to constrict eight enemies at once.
Your skin changes colour to match your surroundings (Stealth+).
Your rubbery body absorbs attacks. (AC +1, EV +1)


Message History

The naga sharpshooter shouts!
Things that are here:
4 arrows; 2 bolts Vashnia shoots an arrow.
The arrow hits you!!
* * * LOW HITPOINT WARNING * * *
The naga sharpshooter spits poison at you.
The splash of poison hits you!
You are poisoned.
You resist.
* * * LOW HITPOINT WARNING * * *
The naga sharpshooter unwields an uncursed mace.
The naga sharpshooter wields an uncursed arbalest.
The naga sharpshooter casts a spell.
The naga sharpshooter magically shoots a bolt.
The bolt hits you!!
* * * LOW HITPOINT WARNING * * *
The naga sharpshooter gestures wildly while chanting.
The naga sharpshooter magically shoots an arrow.
The arrow hits you!
You die...

..#..#.......'...'.)..(..#
..+..#.......#...#.).....#
..+/.##.....##...##.....##
..#'''##...###...###...##
..(((((##### #...# #####
......##...###...# ...#
....(##.....##...# ....?
...<.#.......#..N#......
.....#....(..(((@NNN....
....†#.......#(..#N.....
..#####.....##...##.....
..# ##...###(...##...# ..#
##### #.....##### ..#
+.....<. ..# #.......+ +##
#.......+ ..#


You could see Vashnia and 4 naga sharpshooters.

Vanquished Creatures
  Jorgrun (Snake:2)
  Asterion (Snake:2)
  Frances (Snake:1)
  Aizul (Snake:1)
  A dire elephant (Lair:6)
  2 ettins
  Erolcha (Orc:2)
  11 hydras
  3 naga warriors
  A merfolk avatar (Lair:6)
  Harold (Lair:4)
  6 anacondas
  Erica (Orc:1)
  2 ice dragons (IceCv)
  6 centaur warriors
  3 tengu warriors
  A death knight (D:15)
  A soul eater (Orc:2)
  7 orc high priests (Orc:2)
  4 naga sharpshooters
  A deep elf knight (D:15)
  A sun demon (Orc:2)
  2 shock serpents
  A hell knight (D:15)
  Nergalle (Lair:4)
  2 sea snakes (Lair:6)
  3 naga ritualists (Snake:2)
  An infernal demonspawn (Orc:2)
  3 unseen horrors
  A wizard (D:14)
  2 gelid demonspawn (Orc:2)
  10 hill giants
  7 orc knights
  5 orc sorcerers (Orc:2)
  A wolf spider zombie (D:13)
  A mana viper (Snake:2)
  13 ugly things
  6 manticores
  2 oklob plants (Lair:3)
  3 cyclopes
  20 elephants
  4 deep elf magi
  5 torpor snails (Lair:1)
  4 naga magi
  4 centaur zombies
  2 ice statues (IceCv)
  22 black mambas
  2 gargoyles
  17 spiny frogs
  An efreet (D:15)
  10 rime drakes
  The ghost of DoctorBileduct the Skirmisher, an amateur OgHu (D:5)
  11 komodo dragons
  A hellwing (Orc:2)
  2 red devils (Orc:2)
  A queen bee (Lair:3)
  5 hornets
  4 trolls
  3 polar bears
  14 blink frogs
  10 slime creatures
  A meliai zombie (D:12)
  3 two-headed ogres
  A harpy skeleton (D:15)
  13 dream sheep (Lair:6)
  12 hippogriffs
  A redback (shapeshifter) (D:13)
  A shadow (D:13)
  4 wyverns
  49 yaks
  7 basilisks
  4 hungry ghosts
  2 basilisks (shapeshifter) (D:13)
  A wraith (D:10)
  A steam dragon (D:4)
  3 vampire mosquitoes (D:15)
  5 swamp worms (Lair:4)
  Edmund (D:5)
  Menkaure (D:5)
  15 nagas
  A warg (Orc:2)
  A soldier ant (D:8)
  14 water moccasins
  Duvessa (D:7)
  2 hell hounds (D:8)
  27 ice beasts
  9 porcupines
  35 orc warriors
  5 sky beasts
  2 phantoms
  2 black bears
  An eye of draining (D:11)
  A necrophage (D:9)
  19 ogres
  15 wolves
  11 centaurs
  18 crocodiles
  2 big kobolds
  25 bullfrogs
  Dowan (D:7)
  A gnoll sergeant (D:8)
  A water moccasin zombie (D:10)
  2 wyvern skeletons
  5 scorpions
  11 wights
  32 killer bees
  2 electric eels
  3 howler monkeys
  9 crimson imps
  3 bullfrog zombies
  A quasit (D:10)
  7 hounds
  18 orc priests
  5 centaur skeletons
  8 jellies
  22 orc wizards
  2 bullfrog skeletons
  5 iguanas
  16 worker ants
  A hell rat (Lair:6)
  A hound zombie (D:7)
  2 hound skeletons
  2 worker ant zombies (D:8)
  9 gnolls
  A howler monkey skeleton (D:4)
  9 adders
  4 shadow imps
  An ooze (D:3)
  2 adder skeletons
  3 worms
  A dart slug (D:5)
  8 leopard geckos
  74 orcs
  6 giant cockroaches
  12 goblins
  A hobgoblin (D:1)
  16 jackals
  7 quokkas
  4 bats
  A frilled lizard (D:3)
  14 kobolds
  6 rats
  A butterfly (Lair:5)
  A plant (Lair:3)
921 creatures vanquished.

Vanquished Creatures (others)
  An orc (Orc:2)
  3 bushes (Lair:6)
  28 fungi
  25 plants
57 creatures vanquished.

Grand Total: 978 creatures vanquished

Notes
Turn   | Place    | Note
-------+----------+-------------------------------------------
     0 | D:1      | PurpleRed the Octopode Monk began the quest for the Orb.
     0 | D:1      | Reached XP level 1. HP: 16/16 MP: 1/1
    95 | D:1      | Reached XP level 2. HP: 21/21 MP: 2/2
   891 | D:2      | Reached skill level 4 in Unarmed Combat
   942 | D:2      | Reached XP level 3. HP: 26/26 MP: 3/3
  1735 | D:2      | Noticed a bullfrog
  1836 | D:3      | Reached XP level 4. HP: 31/31 MP: 4/4
  1994 | D:3      | Reached skill level 5 in Unarmed Combat
  2149 | D:3      | Reached XP level 5. HP: 34/36 MP: 5/5
  2649 | D:3      | Reached skill level 6 in Unarmed Combat
  3187 | D:4      | Noticed a steam dragon
  3198 | D:4      | Killed a steam dragon
  3198 | D:4      | Reached skill level 7 in Unarmed Combat
  3198 | D:4      | Reached XP level 6. HP: 12/42 MP: 6/6
  3432 | D:4      | HP: 2/42 [ogre/giant club (21)]
  3671 | D:4      | Reached XP level 7. HP: 12/46 MP: 7/7
  4491 | D:5      | Entered Level 5 of the Dungeon
  4510 | D:5      | Noticed DoctorBileduct's ghost (amateur OgHu)
  5018 | D:5      | Killed DoctorBileduct's ghost
  5018 | D:5      | Reached skill level 8 in Unarmed Combat
  5127 | D:5      | Reached skill level 9 in Unarmed Combat
  5330 | D:5      | Reached XP level 8. HP: 51/52 MP: 8/8
  5367 | D:5      | Noticed Menkaure
  5461 | D:5      | Killed Menkaure
  5659 | D:5      | Found an iron altar of Okawaru.
  6193 | D:5      | Noticed Edmund
  6203 | D:5      | Killed Edmund
  6474 | D:6      | Reached skill level 10 in Unarmed Combat
  6914 | D:6      | Found a staircase to the Ecumenical Temple.
  6923 | Temple   | Entered the Ecumenical Temple
  7029 | Temple   | Became a worshipper of Cheibriados the Contemplative
  7029 | Temple   | Reached * piety under Cheibriados
  7029 | Temple   | Reached ** piety under Cheibriados
  7058 | D:6      | Reached skill level 5 in Dodging
  7097 | D:6      | Reached XP level 9. HP: 56/56 MP: 9/9
  7248 | D:6      | Learned a level 3 spell: Ozocubu's Armour
  7548 | D:6      | Reached skill level 11 in Unarmed Combat
  8041 | D:7      | Noticed Duvessa
  8064 | D:7      | Noticed Dowan
  8074 | D:7      | Killed Duvessa
  8093 | D:7      | Killed Dowan
  8186 | D:7      | Reached *** piety under Cheibriados
  8552 | D:8      | Found a staircase to the Lair.
  8573 | D:8      | Reached skill level 1 in Invocations
  8577 | D:8      | Reached skill level 12 in Unarmed Combat
  8832 | D:8      | Noticed a two-headed ogre
  8838 | D:8      | Killed a two-headed ogre
  8838 | D:8      | Reached XP level 10. HP: 63/63 MP: 11/11
  8852 | D:8      | Found a sacrificial altar of Ru.
  8995 | D:8      | Noticed a centaur warrior
  9005 | D:8      | Killed a centaur warrior
  9479 | D:8      | Reached **** piety under Cheibriados
  9479 | D:8      | Reached skill level 5 in Fighting
  9483 | D:8      | Reached skill level 13 in Unarmed Combat
 10712 | D:8      | Reached skill level 1 in Charms
 11035 | D:9      | Noticed a red ugly thing
 11043 | D:9      | Killed a red ugly thing
 11043 | D:9      | Reached skill level 1 in Ice Magic
 11043 | D:9      | Reached XP level 11. HP: 34/72 MP: 14/14
 11246 | D:9      | Learned a level 3 spell: Regeneration
 11259 | D:9      | Reached skill level 1 in Necromancy
 11292 | D:9      | Reached ***** piety under Cheibriados
 12277 | D:10     | Entered Level 10 of the Dungeon
 12631 | D:10     | Reached skill level 14 in Unarmed Combat
 12649 | D:10     | Noticed DoctorBileduct's ghost (novice FoFi)
 12831 | D:10     | Noticed a hill giant
 12841 | D:10     | Killed a hill giant
 12941 | D:10     | Found a staircase to the Orcish Mines.
 13394 | D:10     | Noticed an unseen horror
 13398 | D:10     | Killed an unseen horror
 13880 | D:11     | Noticed a brown ugly thing
 13886 | D:11     | Killed a brown ugly thing
 14010 | D:11     | Noticed a hill giant
 14022 | D:11     | Killed a hill giant
 14022 | D:11     | Reached XP level 12. HP: 81/81 MP: 15/15
 14160 | D:11     | Reached skill level 1 in Spellcasting
 14514 | Lair:1   | Entered Level 1 of the Lair of Beasts
 14538 | Lair:1   | Reached skill level 15 in Unarmed Combat
 15311 | Lair:1   | Noticed an eight-headed hydra
 15321 | Lair:1   | Killed an eight-headed hydra
 15841 | Lair:1   | Found a snail-covered altar of Cheibriados.
 16310 | Lair:2   | Noticed an eight-headed hydra
 16315 | Lair:2   | Killed an eight-headed hydra
 16709 | Lair:2   | Reached ****** piety under Cheibriados
 16717 | Lair:2   | Reached skill level 16 in Unarmed Combat
 16923 | Lair:2   | Reached XP level 13. HP: 90/90 MP: 19/19
 17026 | Lair:2   | Found a staircase to the Snake Pit.
 17260 | Lair:2   | Learned a level 4 spell: Ice Form
 17660 | Lair:3   | Reached skill level 1 in Transmutations
 18736 | Lair:4   | Noticed Nergalle
 18747 | Lair:4   | Killed Nergalle
 19084 | Lair:4   | Learned a level 6 spell: Statue Form
 19449 | Lair:4   | Reached skill level 17 in Unarmed Combat
 19563 | Lair:4   | Noticed Harold
 19580 | Lair:4   | Killed Harold
 20039 | Lair:4   | Found a staircase to the Swamp.
 20416 | Lair:5   | Reached skill level 5 in Transmutations
 20416 | Lair:5   | Reached XP level 14. HP: 86/97 MP: 20/20
 21403 | Lair:6   | Entered Level 6 of the Lair of Beasts
 21573 | Lair:5   | Learned a level 5 spell: Blade Hands
 21675 | Lair:6   | Found a staircase to the Slime Pits.
 21954 | Lair:6   | Reached skill level 18 in Unarmed Combat
 22669 | Lair:6   | Reached skill level 10 in Dodging
 22833 | Lair:6   | Reached XP level 15. HP: 74/101 MP: 12/21
 23934 | Orc:1    | Entered Level 1 of the Orcish Mines
 24062 | Orc:1    | Noticed Erica
 24078 | Orc:1    | Killed Erica
 24457 | Orc:2    | Entered Level 2 of the Orcish Mines
 24500 | Orc:2    | Reached skill level 19 in Unarmed Combat
 24532 | Orc:2    | Found a frozen archway.
 24549 | IceCv    | Entered an ice cave
 25249 | IceCv    | Got a fine steel amulet
 25255 | IceCv    | Got a flickering ivory amulet
 25521 | Orc:2    | Found a staircase to the Elven Halls.
 25745 | Orc:2    | Found Xygej's Magic Scroll Shop.
 25748 | Orc:2    | Found Libliucw's Food Boutique.
 25843 | Orc:2    | Bought a scroll of identify for 30 gold pieces
 25843 | Orc:2    | Bought a scroll of identify for 30 gold pieces
 25843 | Orc:2    | Identified the amulet "Atzierix" {Inacc Dex+4} (You found it in an ice cave)
 25844 | Orc:2    | Identified the amulet "Afeogam" {Spirit Str+3} (You found it in an ice cave)
 25849 | Orc:2    | Bought a scroll of summoning for 142 gold pieces
 26202 | Orc:2    | Noticed Erolcha
 26215 | Orc:2    | Killed Erolcha
 26704 | Orc:2    | Found Lesam's Antique Weapon Shoppe.
 26704 | Orc:2    | Found a one-way gate leading to the halls of Pandemonium.
 26704 | Orc:2    | Found Ytuitta's Gadget Emporium.
 27087 | Orc:2    | Bought a scroll of acquirement for 780 gold pieces
 27088 | Orc:2    | Got a smoking amber ring
 27089 | Orc:2    | Identified the ring of Rett {rElec Dex+4 Stlth+} (You acquired it on level 2 of the Orcish Mines)
 27244 | D:12     | Reached XP level 16. HP: 95/108 MP: 20/22
 27247 | D:12     | Reached skill level 1 in Shields
 27993 | D:13     | Found a gate to the Vaults.
 28071 | D:13     | Got a crude bronze ring
 28073 | D:13     | Identified the ring of Dobbe {rN+ Dex+5} (You took it off a centaur warrior on level 13 of the Dungeon)
 28199 | D:13     | Found Pyzaynn's Antique Armour Shop.
 28205 | D:13     | Bought the +3 hat of Pondering {ponderous, MR+ MP+10 Int+5} for 598 gold pieces
 28260 | D:13     | Found a portal to a secret trove of treasure.
 28501 | D:13     | Reached skill level 20 in Unarmed Combat
 28904 | D:14     | Reached skill level 10 in Transmutations
 29593 | D:15     | Entered Level 15 of the Dungeon
 29808 | D:15     | Reached skill level 1 in Earth Magic
 30108 | D:15     | Found a white marble altar of Elyvilon.
 30150 | D:15     | Found a staircase to the Depths.
 31162 | Snake:1  | Entered Level 1 of the Snake Pit
 31168 | Snake:1  | Reached skill level 10 in Fighting
 31298 | Snake:1  | Reached XP level 17. HP: 91/115 MP: 23/23
 31403 | Snake:1  | Noticed Aizul
 31409 | Snake:1  | Killed Aizul
 31457 | Snake:1  | Noticed Frances
 31464 | Snake:1  | Killed Frances
 31933 | Snake:2  | Reached skill level 5 in Spellcasting
 32061 | Snake:2  | Noticed Asterion
 32070 | Snake:2  | Killed Asterion
 32070 | Snake:2  | Reached skill level 5 in Earth Magic
 32365 | Snake:2  | Noticed Jorgrun
 32381 | Snake:2  | Killed Jorgrun
 32604 | Snake:2  | Noticed Vashnia
 32616 | Snake:2  | HP: 2/117 [naga sharpshooter/bolt[Vashnia] (19)]
 32616 | Snake:2  | Shot with an arrow by a naga sharpshooter

Vault maps used:
D:1:      dpeg_arrival_rooms_a
D:5:      first_bread, kennysheep_okawaru_gauntlet, uniq_edmund, uniq_menkaure
D:7:      uniq_duvessa
D:8:      minmay_cut_squares, minmay_lair_entry_lava, hangedman_pestilent_swarm,
          nicolae_ru_the_path_less_chosen
D:9:      billiards_dpeg
D:10:     orc_0_dummy
D:13:     david_vaults_2, enter_trove_2, serial_shops, shop
D:14:     hangedman_abyss_or_decor_stabs
D:15:     hangedman_depths_entry_civil_slaughter, corexii_hall_statues_s,
          elyvilon_altar_5
Temple:   compressed_dpeg_circular_temple
Lair:1:   kennysheep_snail_temple, grunt_megastairs_1
Lair:2:   minmay_snake_entry_guardpost_small, grunt_megastairs_3
Lair:3:   serial_bayou_shore_b, minmay_lair_oklob_chamber
Lair:4:   nicolae_swamp_entry_splash_gauntlet, uniq_nergalle, uniq_harold
Lair:5:   serial_bayou_pond_c, lemuel_fruit_fields, lemuel_fruit_fields
Lair:6:   gammafunk_lair_ancient_temple, minmay_slime_entry_pillars
Snake:1:  st_stairs_6, uniq_frances, uniq_aizul
Snake:2:  kennysheep_six_static_rooms, uniq_asterion, uniq_vashnia, uniq_jorgrun
Orc:1:    uniq_erica
Orc:2:    pf_orc_diabolical, portal_ice_cave_entry_ice_beasts, uniq_erolcha
IceCv:    ice_cave_small_dragons

Skill      XL: |  1  2  3  4  5  6  7  8  9 10 11 12 13 14 15 16 17 |
---------------+----------------------------------------------------+-----
Unarmed Combat | 4 5 7 9 10 12 13 14 16 17 18 19 20 | 20.7
Dodging        | 5 6 8 10 11 | 11.3
Invocations    | 2 4 |  4.8
Fighting       | 5 7 9 10 | 10.8
Charms         | 1 4 |  4.2
Ice Magic      | 1 2 |  2.1
Necromancy     | 2 |  2.4
Spellcasting   | 4 5 |  5.1
Transmutations | 5 7 9 11 | 11.8
Shields        | 4 |  4.0
Earth Magic    | 4 5 |  5.0
Stealth        | |  2.6

Action                   |  1- 3 |  4- 6 |  7- 9 | 10-12 | 13-15 | 16-18 || total
-------------------------+-------+-------+-------+-------+-------+-------++-------
Melee: Unarmed           |    58 |   103 |   222 |   440 |   763 |   338 ||  1924
       Constrict         |    16 |    24 |    38 |    80 |   112 |    38 ||   308
       Tentacles         |    13 |    16 |    48 |   164 |   226 |   102 ||   569
       Punch             |     3 |     3 |    19 |    99 |   174 |    77 ||   375
 Fire: Hunting sling     |       |       |    46 |    63 |     4 |       ||   113
Throw: Throwing net      |       |       |       |       |     1 |       ||     1
 Cast: Ozocubu's Armour  |       |       |       |    13 |    81 |    40 ||   134
       Regeneration      |       |       |       |     4 |    21 |     9 ||    34
       Ice Form          |       |       |       |       |     2 |       ||     2
       Blade Hands       |       |       |       |       |    52 |    36 ||    88
Invok: Slouch            |       |       |       |     4 |       |       ||     4
       Bend Time         |       |       |       |     2 |       |     1 ||     3
       Temporal Distorti |       |       |       |       |     1 |       ||     1
 Abil: End Transformatio |       |       |       |       |     4 |       ||     4
Evoke: Wand              |       |     1 |     1 |     7 |     6 |       ||    15
  Use: Scroll            |       |     9 |    12 |     8 |     8 |     5 ||    42
       Potion            |       |     2 |       |     4 |     2 |     1 ||     9
 Stab: Sleeping          |    10 |     8 |    15 |    18 |     9 |    16 ||    76
       Distracted        |     1 |     2 |       |     2 |     6 |     5 ||    16
  Eat: Chunk             |     3 |     5 |    11 |    15 |    33 |    10 ||    77
       Pizza             |       |       |     1 |       |       |     1 ||     2
       Fruit             |       |       |     1 |     3 |     6 |     2 ||    12
       Beef jerky        |       |       |       |     1 |     1 |     4 ||     6
       Royal jelly       |       |       |       |       |     1 |       ||     1
Armor: Skin              |     4 |     2 |     7 |    33 |    75 |    27 ||   148
Dodge: Dodged            |    30 |    58 |   137 |   371 |   630 |   427 ||  1653
Block: Buckler           |       |       |       |       |       |    28 ||    28
